 Dungeon Crawl Stone Soup version 0.18.1-48-g4cf74bf (webtiles) character file.

93 Fraydo the Ruffian (level 4, 0/38 HPs)
             Began as a Ghoul Monk on Aug 24, 2016.
             Slain by Grinder (10 damage)
             ... on level 3 of the Dungeon on Aug 25, 2016.
             The game lasted 00:14:16 (3383 turns).

Fraydo the Ruffian (Ghoul Monk)                     Turns: 3383, Time: 00:14:17

Health: 0/38       AC:  2    Str: 15    XL:     4   Next: 62%
Magic:  3/3        EV: 12    Int:  5    God:
Gold:   59         SH:  0    Dex: 11    Spells: 0 memorised, 3 levels left

rFire  . . .     SeeInvis .       - Unarmed
rCold  + . .     Gourm    .     a - +0 robe
rNeg   + + +     Faith    .     (no shield)
rPois  ∞         Spirit   .     (no helmet)
rElec  .         Dismiss  .     (no cloak)
rCorr  .         Reflect  .     (no gloves)
SustAt .         Harm     .     (no boots)
MR     .....                    (no amulet)
Stlth  ++........               (no ring)
                                (no ring)

@: rotting, not resistant to hostile enchantments, unstealthy
A: rotting body, claws 1, carnivore 3, cold resistance 1, negative energy
resistance 3, slow regeneration 1, torment resistance, unbreathing
a: no special abilities


You were on level 3 of the Dungeon.
You were not hungry.

You visited 1 branch of the dungeon, and saw 3 of its levels.

You collected 59 gold pieces.

Inventory:

Hand Weapons
 q - a +2 quarterstaff of chaos
Missiles
 d - 59 stones (quivered)
 k - 11 poisoned needles
Armour
 a - a +0 robe (worn)
 g - a +0 pair of gloves
 l - a +1 scale mail of magic resistance
 r - a +0 cloak
Jewellery
 j - a +3 ring of strength {unknown}
Scrolls
 f - 2 scrolls of remove curse {unknown}
 s - a scroll of identify {unknown}
 u - a scroll of noise {unknown}
 v - a scroll of magic mapping {unknown}
Potions
 c - a potion of haste {unknown}
 e - a potion of heal wounds {unknown}
 h - a potion of lignification {unknown}
 i - a potion of brilliance {unknown}
 m - 3 potions of curing {unknown}
 o - a potion of magic {unknown}
 p - a potion of degeneration {unknown}
 t - a potion of agility {unknown}
Comestibles
 b - 2 meat rations


   Skills:
 - Level 3.2 Fighting
 - Level 2.6 Dodging
 - Level 2.1 Stealth
 * Level 6.4 Unarmed Combat


You had 3 spell levels left.
You didn't know any spells.

Dungeon Overview and Level Annotations

Branches:
Dungeon (3/15)

Altars:
Pakellas

Annotations:
D:3 Grinder


Innate Abilities, Weirdness & Mutations

Your body is rotting away.
You thrive on raw meat.
You are immune to poison.
You have sharp fingernails.
You are carnivorous and can eat meat at any time.
Your flesh is cold resistant.
You are immune to negative energy.
You regenerate slowly when monsters are visible.
You are immune to unholy pain and torment.
You can survive without breathing.


Message History

You are unaffected.
You closely miss Grinder.
Grinder is severely wounded.
Grinder gestures at you.
You are unaffected.
You scratch Grinder but do no damage. You claw Grinder.
Grinder is almost dead.
Grinder hits you.
* * * LOW HITPOINT WARNING * * *
You scratch Grinder.
Grinder is almost dead.
Grinder gestures at you.
You are unaffected.
You scratch Grinder but do no damage.
Grinder is almost dead.
Grinder blinks!
You closely miss Grinder.
Grinder is almost dead.
Grinder hits you!
You die...

#.#.##.#######.# ....##.#
##.##### ....##.# #......#
.......# #<.###.#
#.######## #..# #.# #.# #..
...# #.# # #.# #.# ##.##
#.####... #+## #.#
#.####........ ...## #.#
#.§.@5..# ....##
#.##########.#
.....###.##.## #.#
..†...##.#...######.####..
......'....................
......####...#.####.####...
.....## ##.##.# #... ....##
####.# ##### ...## #.#


You could see Grinder.

Vanquished Creatures
  Crazy Yiuf (D:2)
  2 adders
  2 worms (D:2)
  A giant gecko (D:1)
  An orc (D:2)
  4 bats
  2 giant cockroaches
  2 goblins
  4 hobgoblins
  8 jackals (D:1)
  2 quokkas
  A giant newt (D:1)
  3 kobolds
  3 rats
36 creatures vanquished.

Notes
Turn   | Place    | Note
--------------------------------------------------------------
     0 | D:1      | Fraydo the Ghoul Monk began the quest for the Orb.
     0 | D:1      | Reached XP level 1. HP: 19/19 MP: 0/0
   651 | D:2      | Found a faded altar to an unknown god.
   698 | D:2      | Reached XP level 2. HP: 14/26 MP: 1/1
  1128 | D:2      | Reached skill level 5 in Unarmed Combat
  1389 | D:2      | Found an oddly glowing altar of Pakellas.
  1504 | D:2      | Reached XP level 3. HP: 22/31 MP: 2/2
  1815 | D:2      | Noticed Crazy Yiuf
  1824 | D:2      | Killed Crazy Yiuf
  1824 | D:2      | Reached skill level 6 in Unarmed Combat
  1824 | D:2      | Reached XP level 4. HP: 6/38 MP: 3/3
  3363 | D:3      | Noticed Grinder
  3383 | D:3      | Slain by Grinder

Skill      XL: |  1  2  3 |
---------------+----------+-----
Unarmed Combat | 5 6 |  6.4
Fighting       | |  3.2
Dodging        | |  2.6
Stealth        | |  2.1

Action                   |  1- 3 |  4- 6 || total
-------------------------+-------+-------++-------
Melee: Unarmed           |    73 |    85 ||   158
       Punch             |     1 |     3 ||     4
Throw: Stone             |     2 |       ||     2
 Stab: Sleeping          |     1 |       ||     1
  Eat: Chunk             |     7 |     6 ||    13
Armor: Robe              |    10 |    16 ||    26
Dodge: Dodged            |    39 |    55 ||    94
